 Dungeon Crawl Stone Soup version 0.25-a0-366-g516bc45ae0 (webtiles) character file.

Game seed: 7098364777113207087, levelgen mode: deterministic

2878 Napalmbreeze the Cleaver (level 9, -1/87 HPs)
             Began as a Deep Dwarf Gladiator on Jan 6, 2020.
             Was a Believer of Makhleb.
             Killed by divine providence
             ... invoked by an orc priest
              (14 damage)
             ... on level 7 of the Dungeon.
             The game lasted 00:11:52 (5299 turns).

Napalmbreeze the Cleaver (Deep Dwarf Gladiator)     Turns: 5299, Time: 00:11:53

Health: -1/87      AC: 13    Str: 22    XL:     9   Next: 48%
Magic:  6/6        EV: 10    Int:  8    God:    Makhleb [**....]
Gold:   104        SH:  2    Dex: 14    Spells: 8/8 levels left

rFire    . . .     SeeInvis .   a - +0 war axe
rCold    . . .     Gourm    .   (no shield)
rNeg     . . .     Faith    .   l - +0 chain mail (curse)
rPois    .         Spirit   .   u - +0 helmet
rElec    .         Reflect  +   G - +0 cloak
rCorr    .         Harm     .   x - +0 pair of gloves (curse)
MR       ++...                  (no boots)
Stlth    ..........             p - +2 amulet of reflection
HPRegen  0.00/turn              v - +5 ring of slaying
MPRegen  0.10/turn              y - ring of protection from magic

@: non-regenerating
A: damage resistance, heal wounds, sense surroundings 2, no regeneration
a: Heal Wounds, Minor Destruction, Renounce Religion


You were on level 7 of the Dungeon.
You worshipped Makhleb.
Makhleb was pleased with you.
You were hungry.

You visited 2 branches of the dungeon, and saw 8 of its levels.

You collected 334 gold pieces.
You spent 230 gold pieces at shops.

Inventory:

Hand Weapons
 a - a +0 war axe (weapon)
Missiles
 d - 2 throwing nets (quivered)
Armour
 g - a +0 shield
 l - a cursed +0 chain mail (worn)
 u - a +0 helmet (worn)
 x - a cursed +0 pair of gloves (worn)
 G - a +0 cloak (worn)
Jewellery
 p - a +2 amulet of reflection (around neck)
 v - a +5 ring of slaying (left hand)
 y - a ring of protection from magic (right hand)
 D - an uncursed ring of see invisible {unknown}
 I - a cursed ring of attention {unknown}
Wands
 c - a wand of polymorph (8)
 K - a wand of disintegration (10)
Scrolls
 e - 2 scrolls of identify
 i - 7 scrolls of teleportation
 k - 3 scrolls of amnesia
 n - 4 scrolls of remove curse
 r - 5 scrolls of magic mapping
 s - a scroll of blinking
 C - a scroll of enchant weapon
 E - 2 scrolls of enchant armour
 J - a scroll of fear
Potions
 b - a potion of berserk rage {unknown}
 h - a potion of ambrosia {unknown}
 j - a potion of cancellation {unknown}
 m - 2 potions of flight {unknown}
 o - 5 potions of curing
 q - 4 potions of brilliance {unknown}
 t - 3 potions of degeneration {unknown}
 w - 2 potions of resistance {unknown}
 z - 3 potions of lignification {unknown}
 A - 2 potions of heal wounds {unknown}
 B - a potion of might {unknown}
 F - 2 potions of haste {unknown}
 H - a potion of invisibility {unknown}
Comestibles
 f - 8 rations


   Skills:
 + Level 7.7 Fighting
 + Level 9.8 Axes
 - Level 1.7 Throwing
 + Level 5.9 Armour
 - Level 4.0 Dodging
 + Level 0.0 Shields


You had 8 spell levels left.
You didn't know any spells.
Your spell library contained the following spells:

 Spells                   Type           Power        Failure   Level  Hunger
 Foxfire                  Conj/Fire      #...         97%         1    ##.....
 Conjure Flame            Conj/Fire      #.......     100%        3    ####...
 Inner Flame              Hex/Fire       #.......     100%        3    ####...
 Sticky Flame             Conj/Fire      #.......     100%        4    #####..
 Fireball                 Conj/Fire      #.........   100%        5    ######.


Dungeon Overview and Level Annotations

Branches:
Dungeon (7/15)             Temple (1/1) D:4

Altars:
Ashenzari
Cheibriados
Dithmenos
Fedhas
Gozag
Hepliaklqana
Kikubaaqudgha
Makhleb
Nemelex Xobeh
Okawaru
Qazlal
Ru
Sif Muna
Trog
Uskayaw
Vehumet
Wu Jian
Xom
Yredelemnul

Shops:
D:4 (   D:5 ?

Annotations:
D:4 2 runed translucent doors, Rosaphim's ghost, novice DrBe


Innate Abilities, Weirdness & Mutations

You are resistant to damage.
You can heal yourself by infusing magical energy.
You passively map the area around you.
You do not regenerate.


Message History

The zap hits the orc warrior but does no damage.
The orc warrior is lightly wounded.
The zap misses the orc priest.
The orc warrior hits you from afar with a +0 halberd!
Press: ? - help, Shift-Dir - straight line, f/p - orc warrior
Aim: an orc warrior, wielding a +0 halberd and wearing a +0 plate armour (lightly wounded)
The stone arrow hits the orc warrior.
The orc warrior is lightly wounded.
Unknown command.
The orc priest calls down the wrath of Beogh upon you.
Beogh smites you!
* * * LOW HITPOINT WARNING * * *
The orc priest calls upon Beogh to heal the orc warrior.
The orc warrior's wounds heal themselves!
The orc priest mumbles some strange prayers to Beogh against you.
Beogh smites you!
* * * LOW HITPOINT WARNING * * *
The orc priest mumbles some strange prayers to Beogh against you.
Beogh smites you!
You die...

.........#..## ########
.............######.##.#.#### ,
,, #..<......#.#......#....###
,##.#.................#..##.
#..#................##.....
,......#.....................
,,,.......####..................
, ........[# #...................
,,..........##..@.............>..
,........###....................
, ................#.....)...##. ,
, *.........###......#..... , *
.#....oo.###.###..##.... , , ,,
#..............#........ ,,
,,........o..........[..... , ,,
..............##......... ,,,
,...).........###.........


You could see an orc warrior, an orc priest and an orc.

Vanquished Creatures
  Pikel (D:6)
  Prince Ribbit (D:6)
  Grinder (D:3)
  Eustachio (D:6)
  A sky beast (D:6)
  An ice beast (D:4)
  4 ogres
  A phantom (D:5)
  2 centaurs
  2 bullfrogs (D:6)
  3 scorpions
  A howler monkey (D:6)
  A centaur zombie (D:6)
  2 bullfrog zombies
  2 crimson imps
  A hound (D:4)
  3 bullfrog skeletons
  2 orc priests
  4 iguanas
  Terence (D:3)
  3 orc wizards
  3 worker ants
  A statue (D:5)
  A mummy (D:6)
  Robin (D:4)
  7 adders
  A shadow imp (D:5)
  3 oozes
  3 adder skeletons
  3 worms (D:2)
  2 leopard geckos
  13 orcs
  3 ball pythons
  3 giant cockroaches
  15 goblins
  7 hobgoblins
  10 jackals (D:2)
  4 kobolds
  4 quokkas
  7 bats
  6 frilled lizards
  A jackal skeleton (D:5)
  2 quokka skeletons
  8 rats
146 creatures vanquished.

Vanquished Creatures (others)
  2 orcs (D:6)
2 creatures vanquished.

Grand Total: 148 creatures vanquished

Notes
Turn   | Place    | Note
-------+----------+-------------------------------------------
     0 | D:1      | Napalmbreeze the Deep Dwarf Gladiator began the quest for
                  | the Orb.
     0 | D:1      | Reached XP level 1. HP: 19/19 MP: 1/1
   172 | D:1      | Reached XP level 2. HP: 20/26 MP: 2/2
   603 | D:1      | Reached skill level 1 in Armour
   873 | D:2      | Found an ornate altar of the Wu Jian Council.
   921 | D:2      | Reached XP level 3. HP: 9/32 MP: 3/3
  1255 | D:2      | Reached skill level 4 in Axes
  1292 | D:2      | Reached XP level 4. HP: 18/39 MP: 4/4
  1570 | D:2      | Found a hazy altar of Hepliaklqana.
  1774 | D:3      | Noticed Grinder
  2175 | D:3      | Reached XP level 5. HP: 30/50 MP: 5/5
  2261 | D:3      | HP: 2/50 [Grinder/nerve-wracking pain (7)]
  2272 | D:3      | Paralysed by Grinder for 4 turns
  2286 | D:3      | Killed Grinder
  2286 | D:3      | Reached skill level 5 in Fighting
  2286 | D:3      | Reached XP level 6. HP: 10/61 MP: 6/6
  2384 | D:3      | Noticed Terence
  2402 | D:3      | Killed Terence
  2800 | D:4      | Reached XP level 7. HP: 45/68 MP: 6/6
  2817 | D:4      | Found a staircase to the Ecumenical Temple.
  2847 | D:4      | Noticed Robin
  2875 | Temple   | Entered the Ecumenical Temple
  2879 | Temple   | Reached skill level 5 in Axes
  2935 | Temple   | Became a worshipper of Makhleb the Destroyer
  2984 | D:4      | Killed Robin
  3013 | D:4      | Found a shattered altar of Ashenzari.
  3060 | D:4      | Found a runed translucent door.
  3078 | D:4      | Found a runed translucent door.
  3078 | D:4      | Noticed Rosaphim's ghost (novice DrBe)
  3099 | D:4      | Reached skill level 6 in Axes
  3109 | D:4      | Found Buirgh's Weapon Emporium.
  3149 | D:4      | Found a shattered altar of Ashenzari.
  3623 | D:5      | Entered Level 5 of the Dungeon
  3673 | D:5      | Reached skill level 7 in Axes
  3759 | D:5      | Reached * piety under Makhleb
  3768 | D:5      | Reached XP level 8. HP: 29/76 MP: 6/6
  3844 | D:5      | Reached skill level 8 in Axes
  4131 | D:5      | Found Elooget's Magic Scroll Boutique.
  4137 | D:5      | Bought a scroll of fear for 35 gold pieces
  4137 | D:5      | Bought a scroll of identify for 20 gold pieces
  4137 | D:5      | Bought a scroll of remove curse for 30 gold pieces
  4137 | D:5      | Bought a scroll of magic mapping for 35 gold pieces
  4137 | D:5      | Bought a scroll of amnesia for 35 gold pieces
  4173 | D:5      | Bought a scroll of blinking for 75 gold pieces
  4259 | D:5      | Found a radiant altar of Vehumet.
  4414 | D:6      | Found a snail-covered altar of Cheibriados.
  4491 | D:6      | Noticed Prince Ribbit
  4512 | D:6      | Noticed Pikel
  4531 | D:6      | Killed Pikel
  4531 | D:6      | Reached skill level 9 in Axes
  4531 | D:6      | Reached skill level 5 in Armour
  4531 | D:6      | Gained mutation: You passively map the area around you.
                  | [Deep Dwarf growth]
  4531 | D:6      | Reached XP level 9. HP: 22/86 MP: 6/6
  4535 | D:6      | Killed Prince Ribbit
  4615 | D:6      | Reached ** piety under Makhleb
  4665 | D:6      | Noticed Eustachio
  4674 | D:6      | Killed Eustachio
  5050 | D:6      | Found a stormy altar of Qazlal.
  5281 | D:7      | Found a blossoming altar of Fedhas.
  5299 | D:7      | Killed from afar by an orc priest

Levels and vault maps discovered:
D:1:      dpeg_arrival_orchard, layout_rooms
D:2:      layout_basic, overflow_temple_1_default, lemuel_coloured_pillars_altar
D:3:      layout_rooms, st_stairs_3, grunt_ministairs_12,
          chequers_serial_rivers_micro_c, uniq_terence, uniq_grinder
D:4:      layout_layer_cave, kennysheep_mini, minmay_temple_entry_trees,
          first_ration, ebering_ghost_sewer_f, serial_shops, shop,
          cheibrodos_ashenzari_chains, uniq_robin
D:5:      layout_loops_ring, vehumet_statue, serial_shops,
          nicolae_shop_statue_plus
D:6:      layout_rooms, slow_altar_1, grunt_qazlal_clouds, kennysheep_diamond,
          hangedman_abyss_or_decor_stagger, wad_floor_pattern_1, uniq_eustachio,
          uniq_pikel, uniq_prince_ribbit1
D:7:      layout_cave_pools, lemuel_crystal_altar
Temple:   minmay_temple_bridge_abc

Skill      XL: |  1  2  3  4  5  6  7  8 |
---------------+-------------------------+-----
Fighting       | 2 3 5 6 7 |  7.7
Armour         | 1 2 5 |  5.9
Dodging        | 4 |  4.0
Axes           | 4 7 9 |  9.8
Throwing       | |  1.7

Action                   |  1- 3 |  4- 6 |  7- 9 || total
-------------------------+-------+-------+-------++-------
Melee: War axe           |   105 |   166 |   234 ||   505
Throw: Throwing net      |       |     2 |     1 ||     3
Invok: Minor Destruction |       |       |     3 ||     3
 Abil: Heal Wounds       |     1 |     5 |     5 ||    11
  Use: Scroll            |       |       |     5 ||     5
       Potion            |       |       |     1 ||     1
 Stab: Held in net/web   |       |     1 |       ||     1
  Eat: Chunk             |     1 |     5 |     8 ||    14
Armor: Leather armour    |    11 |       |       ||    11
       Chain mail        |    46 |   128 |   110 ||   284
Dodge: Dodged            |    62 |    87 |    94 ||   243
Block: Other             |     9 |     9 |    17 ||    35

Table legend:
 A = Non-vault XP
 B = Vault XP
 C = Vault XP percentage of total XP
 D = Non-vault monster count
 E = Vault monster count
 F = Vault count percentage of total count
                 A         B        C        D         E       F
            +---------+---------+-------+---------+---------+-------
      Total |    2467 |    1645 |  40.0 |     120 |      26 |  17.8
            +---------+---------+-------+---------+---------+-------
        D:1 |      21 |       0 |   0.0 |      12 |       0 |   0.0
        D:2 |      88 |       0 |   0.0 |      30 |       0 |   0.0
        D:3 |     129 |     314 |  70.9 |      27 |       7 |  20.6
        D:4 |     470 |      37 |   7.3 |      13 |      12 |  48.0
        D:5 |     742 |      32 |   4.1 |      21 |       1 |   4.5
        D:6 |     764 |    1262 |  62.3 |      13 |       6 |  31.6
        D:7 |     114 |       0 |   0.0 |       2 |       0 |   0.0
     Temple |     139 |       0 |   0.0 |       2 |       0 |   0.0
            +---------+---------+-------+---------+---------+-------
